 Dungeon Crawl Stone Soup version 0.28-a0-657-g71136c5590 (webtiles) character file.

Game seed: 267924599544421613

102 cheechan the Skirmisher (level 4, 0/31 HPs)
             Began as an Octopode Fighter on Oct 13, 2021.
             Slain by a goblin (3 damage)
             ... led by Robin
             ... on level 4 of the Dungeon.
             The game lasted 00:12:25 (3066 turns).

cheechan the Skirmisher (Octopode Fighter)          Turns: 3066, Time: 00:12:26

Health: 0/31       AC:  2    Str: 15    XL:     4   Next: 78%
Magic:  4/4        EV: 13    Int: 10    God:
Gold:   107        SH:  5    Dex: 12    Spells: 3/3 levels left

rFire   . . .      SeeInvis .   a - +0 rapier
rCold   . . .      Faith    .   b - +1 buckler
rNeg    . . .      Spirit   .   r - +1 hat
rPois   .          Reflect  .   (no amulet)
rElec   .          Harm     .   (no ring)
rCorr   .          Rampage  .   (no ring)
Will    .....                   (no ring)
Stlth   +++.......              (no ring)
HPRegen 0.10/turn               (no ring)
MPRegen 0.09/turn               (no ring)
                                (no ring)
                                (no ring)

@: no status effects
A: almost no armour, amphibious, 8 rings, camouflage 1, gelatinous body 1,
(nimble swimmer 1), tentacles
a: no special abilities


You were on level 4 of the Dungeon.
You visited 1 branch of the dungeon, and saw 4 of its levels.

You collected 107 gold pieces.

Inventory:

Hand Weapons
 a - a +0 rapier (weapon)
 f - a +0 short sword
 g - a +0 dagger
 i - a +0 hunting sling
Missiles
 d - 58 stones
 h - 80 bolts
 j - 4 boomerangs (quivered)
 l - 121 arrows
Armour
 b - a +1 buckler (worn)
 m - a scarf of shadows
 r - a +1 hat (worn)
Wands
 n - a wand of polymorph (7)
Scrolls
 q - a scroll of noise
 s - a scroll of blinking
Potions
 c - a potion of might
 e - a potion of invisibility
 k - a potion of lignification
 o - a potion of curing


   Skills:
 + Level 3.4 Fighting
 + Level 3.2 Short Blades
 + Level 3.2 Dodging
 + Level 3.0 Stealth
 + Level 3.3 Shields
 + Level 0.2 Unarmed Combat


You had 3 spell levels left.
You didn't know any spells.
Your spell library contained the following spells:

 Spells                   Type           Power      Damage    Failure   Level
 Slow                     Hex            0%         N/A       52%         2
 Confusing Touch          Hex            0%         N/A       77%         3
 Vampiric Draining        Necr           0%         2d6       77%         3


Dungeon Overview and Level Annotations

Branches:
Dungeon (4/15)
 Temple: D:4-7

Altars:

Shops:
D:1 =

Annotations:
D:4 Dowan, Duvessa, Robin


Innate Abilities, Weirdness & Mutations

You cannot wear most types of armour.
You are amphibious.
You can wear up to eight rings at the same time.
Your skin changes colour to match your surroundings (Stealth+).
Your rubbery body absorbs attacks. (AC +1, EV +1)
((You are camouflaged near water. (Stealth+)))
You have tentacles for arms and can constrict up to eight enemies at once.


Message History

You hit the goblin. You grab the goblin.
The goblin is severely wounded.
You constrict the goblin. The goblin closely misses you.
Robin roars a battlecry!
The goblins go into a battle-frenzy!
You completely miss the goblin.
The goblin is almost dead.
You constrict the goblin.
You kill the goblin!
The hobgoblin closely misses you. The goblin hits you with a +0 dagger.
The goblin hits you but does no damage. The goblin hits you with a +0 dagger.
The goblin misses you. The goblin barely misses you.
Items here: ( )) †.
The goblin hits you with a +0 dagger. Robin throws the goblin at you!
The goblin hits you but does no damage.
Robin drinks a potion.
Robin seems to speed up.
The goblin hits you with a +0 dagger. Robin throws the goblin at you!
You block the goblin's attack. The goblin hits you with a +0 club.
* * * LOW HITPOINT WARNING * * *
The goblin misses you.
You open the door.
The goblin misses you. x2; The goblin closely misses you.
Duvessa and Dowan come into view.
The hobgoblin barely misses you. Robin throws the goblin at you!
The goblin closely misses you. x2
There is an open door here.
You hit the goblin.
You kill the goblin!
The goblin no longer looks unusually strong.
Robin says, "My goblins will feast on your bones."
You block the hobgoblin's attack. You block the goblin's attack.
The goblin hits you with a +0 dagger.
* * * LOW HITPOINT WARNING * * *
Robin throws the goblin at you! The goblin hits you with a +0 dagger.
* * * LOW HITPOINT WARNING * * *
Robin roars a battlecry!
The goblin goes into a battle-frenzy!
The goblin hits you with a +0 dagger.
You die...

#......# #.)....+
#.<....# #.)....#
#......#######
#......gg#...#
#.......g#...#
#......gggg..#
#......gg#@..#
#........#...#
...........#...#
...........#....+
............#...##
............#e.e#
...........#...#
#####


You could see Duvessa (asleep), Dowan (asleep), Robin (fast), 3 hobgoblins and 3
goblins.

Vanquished Creatures
  Ijyb (D:3)
  2 adders (D:3)
  2 dart slugs
  6 ball pythons
  6 endoplasms
  6 goblins
  4 hobgoblins
  2 quokkas (D:2)
  7 bats
  5 frilled lizards
  9 kobolds
  5 rats
55 creatures vanquished.

Vanquished Creatures (others)
  6 fungi (D:1)
  2 plants (D:1)
8 creatures vanquished.

Grand Total: 63 creatures vanquished

Notes
Turn   | Place    | Note
-------+----------+-------------------------------------------
     0 | D:1      | cheechan the Octopode Fighter began the quest for the Orb.
     0 | D:1      | Reached XP level 1. HP: 16/16 MP: 1/1
   431 | D:1      | Reached XP level 2. HP: 13/21 MP: 2/2
   560 | D:1      | Found Dadghadd's Jewellery Emporium.
   593 | D:1      | Found a faded altar of an unknown god.
   603 | D:1      | You fall into a shaft and drop 1 floor!
   835 | D:2      | Reached skill level 1 in Stealth
  1294 | D:1      | Reached XP level 3. HP: 18/26 MP: 3/3
  2459 | D:3      | Reached XP level 4. HP: 31/31 MP: 4/4
  2507 | D:3      | Noticed Ijyb
  2523 | D:3      | Killed Ijyb
  3051 | D:4      | Noticed Robin
  3064 | D:4      | Noticed Duvessa
  3064 | D:4      | Noticed Dowan
  3066 | D:4      | Slain by a goblin

Illustrated notes

Levels and vault maps discovered:
D:1:      amcnicky_arrival_choice, layout_loops_corners, serial_shops,
          nicolae_shop_waterfront, dreamdust_ecumenical_altar_grove, hex_medium
D:2:      layout_basic, serial_glass, glass_columns_b, glass_columns_a,
          glass_columns_a, glass_columns_b, glass_columns_a, glass_columns_b,
          glass_columns_b, glass_columns_c
D:3:      layout_loops_ring, uniq_ijyb
D:4:      layout_gridville, uniq_duvessa, uniq_menkaure, uniq_robin,
          uniq_grinder

Skill      XL: |  1  2  3  4 |
---------------+-------------+-----
Stealth        | 1 2 3 |  3.0
Short Blades   | 3 |  3.2
Fighting       | |  3.4
Dodging        | |  3.2
Shields        | |  3.3
Unarmed Combat | |  0.2

Action                   |  1- 3 |  4- 6 || total
-------------------------+-------+-------++-------
Melee: Rapier            |    88 |    13 ||   101
       Constrict         |    21 |     4 ||    25
       Tentacles         |    16 |     4 ||    20
       Unarmed           |       |     9 ||     9
  Use: Scroll            |     8 |     2 ||    10
 Stab: Sleeping          |     9 |       ||     9
Armor: Skin              |     7 |     5 ||    12
Dodge: Dodged            |    46 |    17 ||    63
Block: Buckler           |    10 |     6 ||    16

Table legend: (Time is in decaauts)
 A = Elapsed time spent in this place.
 B = Non-inter-level travel time spent in this place.
 C = Inter-level travel time spent in this place.
 D = Time resting spent in this place.
 E = Time spent auto-exploring this place.
 F = Levels seen in this place.
 G = Mean time per level.
                   A        B        C        D        E       F      G
               +--------+--------+--------+--------+--------+-----+--------+
         Total |   3074 |   3074 |      0 |    833 |      0 |   4 |  768.5 |
       Dungeon |   3074 |   3074 |      0 |    833 |      0 |   4 |  768.5 |
               +--------+--------+--------+--------+--------+-----+--------+

Top non-repeatable levels by time:
     D:1: 1378 daAuts
     D:3: 864 daAuts
     D:2: 816 daAuts
     D:4: 15 daAuts
